 Dungeon Crawl Stone Soup version 0.17-a0-1632-g0af21bd (webtiles) character file.

14281 maniek23 the Blocker (level 11, -8/73 HPs)
             Began as a Purple Draconian Skald on Aug 3, 2015.
             Was an Elder of Ashenzari.
             Mangled by Rupert
             ... wielding a +7 executioner's axe of venom
              (28 damage)
             ... on level 12 of the Dungeon.
             The game lasted 01:03:36 (15504 turns).

maniek23 the Blocker (Purple Draconian Skald)      Turns: 15504, Time: 01:03:37

Health: -8/73      AC: 10    Str: 29    XL:     11   Next: 86%
Magic:  16/16      EV: 10    Int: 13    God:    Ashenzari [****..]
Gold:   298        SH: 23    Dex: 11    Spells: 5 memorised, 2 levels left

rFire  . . .     SeeInvis +     E - +11 mace of Dithmenos {holy, Str+5}
rCold  + . .     Clarity  +     (armour unavailable)
rNeg   . . .     SustAt   .     p - +1 large shield {rC+} (curse)
rPois  .         Gourm    .     (helmet restricted)
rElec  .         Spirit   .     (no cloak)
rCorr  .         Warding  .     d - +2 pair of gloves (curse)
rMut   .         Stasis   .     (no boots)
MR     +....                    o - amulet of faith
Stlth  +.........               (no ring)
                                i - ring of wizardry (curse)

@: mighty, lethally poisoned (-8 -> -19), somewhat resistant to hostile
enchantments, very unstealthy
A: breathe power, unfitting armour, antennae 2, stinger 1, frail 2, strong 1,
wild magic 1, cold-blooded, AC +7
a: Breathe Dispelling Energy, Scrying, Renounce Religion


You were on level 12 of the Dungeon.
You worshipped Ashenzari.
Ashenzari was greatly pleased with you.
You were hungry.

You visited 2 branches of the dungeon, and saw 13 of its levels.
You also visited: Sewer and Ossuary.

You collected 592 gold pieces.
You spent 294 gold pieces at shops.

Inventory:

Hand weapons
 a - a +3 dagger of holy wrath
 A - a +1 spear of venom
 D - the cursed +3 dagger of the Eggplant {pierce, rN+}
   (You found it on level 4 of the Dungeon)

   It inflicts extra damage upon your enemies.
   It protects you from negative energy.
   It has a curse placed upon it.
 E - the +11 mace of Dithmenos (weapon) {holy, Str+5}
   (You found it on level 4 of the Dungeon)

   It has been blessed by the Shining One to cause great damage to the undead
   and demons.
   It affects your strength (+5).
Missiles
 n - 63 poisoned needles (quivered)
Armour
 d - a cursed +2 pair of gloves (worn)
 e - a +2 robe of magic resistance
 p - a cursed +1 large shield of cold resistance (worn)
 G - a +0 pair of boots
Jewellery
 f - an uncursed ring of teleportation
 i - a cursed ring of wizardry (left hand)
 o - an amulet of faith (around neck)
Magical devices
 g - a wand of frost (30)
 v - a wand of polymorph (12)
 x - a wand of random effects (11)
 y - a wand of disintegration (14)
 B - a wand of flame (17)
 T - a wand of slowing (23)
Scrolls
 k - a scroll of enchant weapon
 s - a scroll of teleportation
 w - 3 scrolls of blinking
 F - 2 scrolls of amnesia
 J - 2 scrolls of magic mapping
 N - 3 scrolls of recharging
 O - 2 scrolls of remove curse
 P - a scroll of curse armour
 Q - a scroll of curse weapon
 R - 2 scrolls of fear
 U - a scroll of enchant armour
 Z - 3 scrolls of random uselessness {unknown}
Potions
 h - 6 potions of might
 j - 6 potions of magic
 l - 9 potions of curing
 m - 2 potions of lignification
 r - a potion of cure mutation
 z - a potion of resistance
 C - 8 potions of brilliance
 H - 3 potions of agility
 I - 3 potions of heal wounds
 K - 4 potions of flight
 M - a potion of poison {unknown}
Books
 b - a book of the Dragon

   Spells                             Type                      Level
   a - Flame Tongue                   Conjuration/Fire             1
   b - Cause Fear                     Hexes                        4
   c - Bolt of Fire                   Conjuration/Fire             6
   d - Dragon Form                    Transmutation                7
   e - Dragon's Call                  Summoning                    9
 t - a book of the Dragon

   Spells                             Type                      Level
   a - Flame Tongue                   Conjuration/Fire             1
   b - Cause Fear                     Hexes                        4
   c - Bolt of Fire                   Conjuration/Fire             6
   d - Dragon Form                    Transmutation                7
   e - Dragon's Call                  Summoning                    9
 u - a book of Battle

   Spells                             Type                      Level
   a - Infusion                       Charms                       1
   b - Shroud of Golubria             Charms/Translocation         2
   c - Song of Slaying                Charms                       2
   d - Spectral Weapon                Hexes/Charms                 3
   e - Regeneration                   Charms/Necromancy            3
 V - a book of Hinderance

   Spells                             Type                      Level
   a - Confusing Touch                Hexes                        2
   b - Confuse                        Hexes                        3
   c - Gell's Gravitas                Hexes/Translocation          3
   d - Petrify                        Transmutation/Earth          4
   e - Metabolic Englaciation         Hexes/Ice                    5
Comestibles
 c - 6 bread rations
 q - 5 fruits
 L - 2 mutagenic chunks of flesh
 S - a meat ration
 W - 2 beef jerkies
 X - 7 slices of pizza
 Y - 10 chunks of flesh


   Skills:
 + Level 7.1 Fighting
 - Level 1.0 Short Blades
   Level 2.1(4.6) Axes
 + Level 6.4(6.6) Maces & Flails
 - Level 5.8 Throwing
 - Level 2.2 Dodging
 * Level 13.8(15.7) Shields
 + Level 3.9 Spellcasting
 * Level 3.7 Hexes
 + Level 4.5 Charms
 * Level 2.5 Transmutations


You had 2 spell levels left.
You knew the following spells:

 Your Spells              Type           Power        Failure   Level  Hunger
a - Infusion              Chrm           ###...       9%          1    None
b - Song of Slaying       Chrm           ###.....     12%         2    ##.....
c - Shroud of Golubria    Chrm/Tloc      ##........   30%         2    ##.....
d - Confuse               Hex            ###.....     32%         3    ###....
e - Dragon Form           Trmt           ##........   100%        7    #######


Dungeon Overview and Level Annotations

Branches:
Dungeon (12/15)            Temple (1/1) D:4            Lair (0/8) D:11
    Orc: D:9-12

Altars:
Ashenzari
Cheibriados
Dithmenos
Elyvilon
Fedhas
Gozag
Kikubaaqudgha
Makhleb
Nemelex Xobeh
Okawaru
Qazlal
Ru
Sif Muna
Trog
Vehumet
Xom
Yredelemnul
Zin
The Shining One

Shops:
D:6 ?[}   D:10 :

Annotations:
D:8 Maurice
D:12 Rupert


Innate Abilities, Weirdness & Mutations

You can breathe bolts of dispelling energy.
Your rich purple scales are hard (AC +7).
Your body does not fit into most forms of armour.
You are cold-blooded and may be slowed by cold attacks.
You have a pair of antennae on your head.
Your tail ends in a poisonous barb.
You are very frail (-20% HP).
Your muscles are strong. (Str +2)
Your spells are a little harder to cast, but a little more powerful.


Message History

You tail-slap Rupert!
Rupert is moderately wounded.
You feel sick. You block Rupert's attack.
You thump Rupert!
Rupert is heavily wounded.
You feel sick. You block Rupert's attack.
You barely miss Rupert.
Rupert is moderately wounded.
You feel sick. You block Rupert's attack.
You bludgeon Rupert!! You tail-slap Rupert, but do no damage.
Rupert is heavily wounded.
You feel sick. You block Rupert's attack.
Your shield prevents you from hitting Rupert.
Rupert is heavily wounded.
You feel sick. You block Rupert's attack.
You thump Rupert!
Rupert is heavily wounded.
You feel sick.
Rupert hits you with an executioner's axe of venom!!
You die...

*.....#..###.##
* ##.....<....#
#.##..###..# #.
#..# *∆ .# #.
#..# * , #.
#..# , # #..#
*..# * #[.#
*..#
*#.@####..#
#@)#.....#
*,*#..#.....# *
#.##..#.....#
#...........#
####........# *
##.###.### *
#.# #.# > #.#
#.# *###.


You could see Rupert (berserk).

Vanquished Creatures
  The ghost of HEYYEYAAE the Thrower, an experienced SpHu of Dithmenos (D:8)
  An unseen horror (D:11)
  3 hill giants
  Grinder (D:3)
  3 wyverns
  A human (D:8)
  Sigmund (D:3)
  A trapdoor spider (D:11)
  12 yaks
  A deep elf mage (D:11)
  2 hogs (D:8)
  Grum (D:8)
  3 wolves (D:8)
  A basilisk (D:11)
  A hippogriff (D:10)
  3 sky beasts
  A water moccasin (D:7)
  A wasp (D:7)
  3 phantoms
  A necrophage (D:6)
  16 centaurs
  4 ice beasts
  8 ogres
  8 orc warriors
  2 big kobolds
  2 gnoll sergeants
  5 giant frogs
  5 scorpions
  10 killer bees
  A giant frog zombie (D:6)
  2 crimson imps
  5 hounds
  7 orc priests
  A human zombie (Ossuary)
  3 centaur zombies
  4 jellies
  8 orc wizards
  3 centaur skeletons
  3 iguanas
  6 worker ants
  2 big kobold zombies (Ossuary)
  2 mummies (Ossuary)
  A hound skeleton (D:7)
  A worker ant zombie (D:10)
  9 gnolls
  9 river rats (Sewer)
  16 adders
  A shadow imp (D:7)
  4 oozes
  2 adder skeletons
  2 adder zombies
  6 worms
  5 giant geckos
  51 orcs
  7 ball pythons
  2 giant cockroaches (D:3)
  9 goblins
  10 hobgoblins
  26 kobolds
  8 quokkas
  6 bats
  2 giant gecko skeletons
  A giant gecko zombie (D:5)
  4 giant newts
  2 goblin zombies (Ossuary)
  9 hobgoblin zombies (Ossuary)
  9 jackals
  A jackal zombie (Ossuary)
  8 kobold zombies (Ossuary)
  10 orc zombies (Ossuary)
  A quokka skeleton (D:4)
  29 rats
  A rat zombie (Ossuary)
401 creatures vanquished.

Notes
Turn   | Place    | Note
--------------------------------------------------------------
     0 | D:1      | maniek23 the Draconian Skald began the quest for the Orb.
     0 | D:1      | Reached XP level 1. HP: 17/17 MP: 3/3
   357 | D:1      | Reached XP level 2. HP: 25/25 MP: 5/5
   358 | D:1      | Reached skill level 3 in Charms
   833 | D:1      | Learned a level 2 spell: Song of Slaying
   931 | D:1      | Reached XP level 3. HP: 20/30 MP: 6/6
  1356 | D:2      | Reached skill level 1 in Short Blades
  1618 | D:2      | Reached XP level 4. HP: 34/37 MP: 7/7
  1843 | D:2      | Reached skill level 1 in Shields
  2435 | D:3      | Reached XP level 5. HP: 18/42 MP: 8/8
  2465 | D:3      | Noticed Sigmund
  2697 | D:3      | Killed Sigmund
  2697 | D:3      | Reached skill level 1 in Throwing
  2697 | D:3      | Reached XP level 6. HP: 40/51 MP: 9/9
  2956 | D:3      | Found a blossoming altar of Fedhas.
  3055 | D:3      | Found a basalt altar of Yredelemnul.
  3056 | D:3      | Noticed Grinder
  3088 | D:3      | Killed Grinder
  3088 | D:3      | Reached skill level 5 in Shields
  3321 | D:3      | Found a radiant altar of Vehumet.
  3325 | D:3      | Found an iron altar of Okawaru.
  3391 | D:3      | Your scales start taking on a rich purple colour.
  3391 | D:3      | Reached XP level 7. HP: 57/57 MP: 11/11
  3577 | D:3      | Found a shattered altar of Ashenzari.
  4495 | D:3      | Became a worshipper of Ashenzari the Shackled
  4547 | D:4      | Found a staircase to the Ecumenical Temple.
  4559 | Temple   | Entered the Ecumenical Temple
  4690 | D:4      | Identified the cursed +3 dagger of the Eggplant {pierce, rN+}
  4729 | D:4      | Identified the +11 mace of Dithmenos {holy, Str+5}
  4901 | D:4      | Found a glowing drain.
  4908 | Sewer    | Entered a sewer
  5085 | Sewer    | Reached skill level 6 in Shields
  5714 | D:5      | Entered Level 5 of the Dungeon
  5714 | D:5      | Acquired Ashenzari's first power
  6099 | D:4      | Reached skill level 1 in Axes
  6472 | D:5      | Reached XP level 8. HP: 44/66 MP: 12/12
  7035 | D:5      | Reached skill level 7 in Shields
  7141 | D:6      | Acquired Ashenzari's second power
  7142 | D:6      | Found Zomum's Gadget Boutique.
  7396 | D:6      | Found Hymod's Antique Armour Shop.
  7432 | D:6      | Reached skill level 8 in Shields
  7791 | D:6      | Found a sacrificial altar of Ru.
  7851 | D:6      | Found Xati Jyen's Magic Scroll Boutique.
  7855 | D:6      | Bought a scroll of fear for 42 gold pieces
  7855 | D:6      | Bought a scroll of remove curse for 36 gold pieces
  7855 | D:6      | Bought a scroll of remove curse for 36 gold pieces
  7855 | D:6      | Bought a scroll of enchant armour for 90 gold pieces
  7855 | D:6      | Bought a scroll of enchant armour for 90 gold pieces
  7914 | D:6      | Found a snail-covered altar of Cheibriados.
  8052 | D:6      | Reached XP level 9. HP: 72/72 MP: 14/14
  8189 | D:7      | Reached skill level 9 in Shields
  8210 | D:7      | Reached skill level 5 in Fighting
  9192 | D:7      | HP: 1/74 [orc priest/divine providence (12)]
  9689 | D:7      | Reached skill level 10 in Shields
  9905 | D:7      | Learned a level 2 spell: Shroud of Golubria
 10219 | D:8      | Acquired Ashenzari's third power
 10228 | D:8      | Found a sand-covered staircase.
 10236 | Ossuary  | Entered an ossuary
 10749 | D:8      | Found a bloodstained altar of Trog.
 10760 | D:8      | Found a sparkling altar of Nemelex Xobeh.
 10812 | D:8      | Reached XP level 10. HP: 56/83 MP: 15/15
 10815 | D:8      | Noticed Grum
 10822 | D:8      | Killed Grum
 10882 | D:8      | Noticed HEYYEYAAE's ghost (experienced SpHu)
 10895 | D:8      | Killed HEYYEYAAE's ghost
 10895 | D:8      | Reached skill level 11 in Shields
 11452 | D:8      | Reached skill level 5 in Throwing
 11690 | D:8      | Found a stormy altar of Qazlal.
 11698 | D:8      | Found a shadowy altar of Dithmenos.
 11698 | D:8      | Noticed Maurice
 11878 | D:8      | Found an opulent altar of Gozag.
 11957 | D:9      | Reached skill level 5 in Maces & Flails
 12493 | D:9      | Gained mutation: Your spells are a little harder to cast, but a little more powerful. [mutagenic meat]
 12494 | D:9      | Gained mutation: Your muscles are strong. (Str +2) [mutagenic meat]
 12495 | D:9      | Gained mutation: You heal slowly when monsters are visible. [mutagenic meat]
 12496 | D:9      | Gained mutation: You are frail (-10% HP). [mutagenic meat]
 12673 | D:9      | Reached skill level 12 in Shields
 12925 | D:10     | Entered Level 10 of the Dungeon
 12986 | D:10     | Noticed a hill giant
 12998 | D:10     | Killed a hill giant
 13156 | D:10     | Reached XP level 11. HP: 81/81 MP: 16/16
 13166 | D:10     | Gained mutation: You have a pair of small antennae on your head. [mutagenic meat]
 13167 | D:10     | Gained mutation: You are very frail (-20% HP). [mutagenic meat]
 13168 | D:10     | Gained mutation: Your tail ends in a poisonous barb. [mutagenic meat]
 13244 | D:10     | Learned a level 3 spell: Confuse
 13329 | D:10     | Found Gut Fece's Book Boutique.
 13491 | D:10     | Noticed a hill giant
 13500 | D:10     | Killed a hill giant
 13582 | D:10     | Learned a level 7 spell: Dragon Form
 13762 | D:11     | Reached skill level 1 in Hexes
 13762 | D:11     | Reached skill level 1 in Transmutations
 14041 | D:11     | Acquired Ashenzari's fourth power
 14128 | D:11     | Found a staircase to the Lair.
 14171 | D:11     | Reached skill level 13 in Shields
 14351 | D:11     | Noticed an unseen horror
 14379 | D:11     | Killed an unseen horror
 15300 | D:12     | Lost mutation: You heal slowly when monsters are visible. [mutagenic meat]
 15301 | D:12     | Gained mutation: You have a pair of antennae on your head. [mutagenic meat]
 15381 | D:12     | Noticed a hill giant
 15459 | D:12     | Noticed Rupert
 15463 | D:12     | Paralysed by Rupert for 2 turns
 15498 | D:12     | Killed a hill giant
 15504 | D:12     | Mangled by Rupert

Vault maps used:
D:1:      minmay_arrival_checkered_box, corexii_hall_statues_i
D:2:      solitary_fountain
D:3:      ashenzari_conservatory_becter, minmay_overflow_temple_star_quad,
          st_stairs_14, corexii_item_surrounded_by_moat,
          kennysheep_small_spiral, minmay_misc_feat_tiny, fedhas_altar_3,
          uniq_sigmund, uniq_grinder
D:4:      temple_pool_b, first_bread, lightli_sewer_entry_pipes,
          grunt_ministairs_15, minivault_19
D:6:      nicolae_overflow_crystal_walls, cheibrodos_worm_habitat, serial_shops,
          kennysheep_mini, shop_statue, nicolae_shop_stone
D:8:      nicolae_overflow_hidden_temple, enter_ossuary_2, grunt_livestock,
          serial_bayou_pond_e, uniq_grum, uniq_maurice
D:10:     serial_shops, shop_fountains
D:11:     lair_0_dummy
D:12:     orc_0_dummy, uniq_rupert
Temple:   circular_temple_pool_8
Sewer:    sewer_minmay_treatment
Ossuary:  ossuary_tomb_1

Action                   |  1- 3 |  4- 6 |  7- 9 | 10-12 || total
-------------------------+-------+-------+-------+-------++-------
Melee: Dagger            |   132 |   187 |    98 |       ||   417
       Mace              |    12 |       |   331 |   490 ||   833
       Hand axe          |       |       |   145 |       ||   145
 Cast: Infusion          |     3 |       |     4 |     2 ||     9
       Song of Slaying   |     1 |       |       |     2 ||     3
 Abil: Breathe Dispellin |       |       |     1 |     6 ||     7
Evoke: Wand              |       |       |       |     1 ||     1
  Use: Scroll            |       |     7 |    20 |     7 ||    34
       Potion            |       |       |       |     3 ||     3
 Stab: Sleeping          |     2 |       |     2 |       ||     4
  Eat: Chunk             |     3 |     3 |    16 |    22 ||    44
       Fruit             |       |     1 |     1 |       ||     2
       Meat ration       |       |       |     1 |       ||     1
       Bread ration      |       |       |     1 |     1 ||     2
       Pizza             |       |       |       |     1 ||     1
